 Dungeon Crawl Stone Soup version 0.28-a0-1206-g193881aaa2 (webtiles) character file.

Game seed: 13857392493876750288

76 enile the Charlatan (level 4, -1/35 HPs)
             Began as a Demonspawn Wanderer on Dec 20, 2021.
             Was a Follower of Cheibriados.
             Slain by a worm (8 damage)
             ... on level 2 of the Dungeon.
             The game lasted 00:05:13 (2844 turns).

enile the Charlatan (Demonspawn Wanderer)           Turns: 2844, Time: 00:05:15

Health: -1/35      AC:  2    Str: 17    XL:     4   Next: 12%
Magic:  3/6        EV: 11    Int: 17    God:    Cheibriados [*.....]
Gold:   71         SH:  0    Dex: 14    Spells: 5/6 levels left

rFire   . . .      SeeInvis .   a - +0 dagger
rCold   . . .      Faith    .   (no shield)
rNeg    . . .      Spirit   .   d - +0 robe
rPois   .          Reflect  .   (no helmet)
rElec   .          Harm     .   (no cloak)
rCorr   .          Rampage  .   (no gloves)
Will    .....                   (no boots)
Stlth   +.........              (no amulet)
HPRegen 0.11/turn               (no ring)
MPRegen 0.10/turn               (no ring)

@: very slightly contaminated, very slow
A: powered by pain 1, big brain 1
a: Renounce Religion, Bend Time


You were on level 2 of the Dungeon.
You worshipped Cheibriados.
Cheibriados was aware of your devotion.
You visited 1 branch of the dungeon, and saw 2 of its levels.

You collected 71 gold pieces.

Inventory:

Hand Weapons
 a - a +0 dagger (weapon)
Missiles
 b - 2 poisoned darts
 f - 27 stones (quivered)
Armour
 d - a +0 robe (worn)
 i - a +0 buckler
Scrolls
 j - a scroll of enchant weapon {unknown}
Potions
 e - a potion of heal wounds
 g - a potion of brilliance
Miscellaneous
 c - a lightning rod (2/4)


   Skills:
 - Level 3.0 Fighting
 - Level 1.0 Short Blades
 - Level 2.0 Throwing
 + Level 1.8 Spellcasting
 - Level 2.0 Ice Magic
 - Level 4.0 Evocations


You had 5 spell levels left.
You knew the following spells:

 Your Spells              Type           Power      Damage    Failure   Level
a - Freeze                Ice            32%        1d5       9%          1

Your spell library contained the following spells:

 Spells                   Type           Power      Damage    Failure   Level
 Ozocubu's Armour         Ice            8%         N/A       26%         3


Dungeon Overview and Level Annotations

Branches:
Dungeon (2/15)

Altars:
Cheibriados

Shops:
D:2 [


Innate Abilities, Weirdness & Mutations

You sometimes gain a little power by taking damage.
You have an unusually large brain. (Int +2)


Message History

The worm is severely wounded.
Throw: 29 stones
Press: ? - help, Q - select action, (/) - cycle Shift-Dir - straight line, f/p - worm
Aim: a worm (severely wounded, poisoned, 79% to hit)
You throw a stone.
The stone hits the worm but does no damage.
The worm is severely wounded.
The worm looks more healthy.
Throw: 28 stones
Press: ? - help, Q - select action, (/) - cycle Shift-Dir - straight line, f/p - worm
Aim: a worm (severely wounded, 79% to hit)
You throw a stone.
The stone hits the worm but does no damage.
The worm is severely wounded.
Casting: Freeze (safe; 9% risk of failure)
Confirm with . or Enter, or press ? or * to list all spells.
Aiming: Freeze (safe; 9% risk of failure)
Press: ? - help, Shift-Dir - straight line, f/p - worm
Aim: a worm (severely wounded)
You freeze the worm.
The worm is severely wounded.
The worm bites you.
* * * LOW HITPOINT WARNING * * *
Casting: Freeze (safe; 9% risk of failure)
Confirm with . or Enter, or press ? or * to list all spells.
Aiming: Freeze (safe; 9% risk of failure)
Press: ? - help, Shift-Dir - straight line, f/p - worm
Aim: a worm (severely wounded)
You freeze the worm.
The worm is severely wounded.
Unknown command.
Casting: Freeze (safe; 9% risk of failure)
Confirm with . or Enter, or press ? or * to list all spells.
Aiming: Freeze (safe; 9% risk of failure)
Press: ? - help, Shift-Dir - straight line, f/p - worm
Aim: a worm (severely wounded)
You miscast Freeze.
You are very lightly contaminated with residual magic.
Nothing appears to happen.
The worm bites you!
You die...

#...#.##.# #.(((....#### .
########.###†÷.....# >.
.......#.#.......#.###...
.......#w#(#.##..........
.∩...w...#.#.##........>)
.....w.###.#..##..........
.......# #.#..##.#.###...#
.......# #.#.[.w@..# #...#
.####### #.(..(..### #...#
.# ####.#### #...# .. #.#
#...# .# .######.#
######...## .#
........###.........# ##
#######.....#####.#.####.
#.###.###..........
#.#.......#...#.##.


You could see a worm.

Vanquished Creatures
  A gnoll (D:1)
  2 adders
  3 dart slugs
  An endoplasm (D:1)
  2 giant cockroaches (D:1)
  3 goblins (D:1)
  2 hobgoblins (D:1)
  2 jackals (D:1)
  6 kobolds
  4 quokkas
  2 ball pythons (D:1)
  A bat (D:2)
  9 frilled lizards (D:1)
  6 rats
44 creatures vanquished.

Notes
Turn   | Place    | Note
-------+----------+-------------------------------------------
     0 | D:1      | enile the Demonspawn Wanderer began the quest for the Orb.
     0 | D:1      | enile set off with the following items: a +0 dagger, 8
                  | poisoned darts, a lightning rod (4/4), a +0 robe; and the
                  | following spell memorised: Freeze; and the following spells
                  | available to memorise: Ozocubu's Armour
     0 | D:1      | Reached XP level 1. HP: 15/15 MP: 2/2
   145 | D:1      | Gained mutation: You sometimes gain a little power by
                  | taking damage. [demonic ancestry]
   145 | D:1      | Reached XP level 2. HP: 7/22 MP: 1/3
  1395 | D:1      | Reached XP level 3. HP: 28/28 MP: 2/4
  2159 | D:1      | Reached skill level 1 in Short Blades
  2590 | D:2      | Found a faded altar of an unknown god.
  2617 | D:2      | Prayed at the altar of an unknown god.
  2617 | D:2      | Became a worshipper of Cheibriados the Contemplative
  2617 | D:2      | Reached * piety under Cheibriados
  2776 | D:2      | Found Jias's Armour Boutique.
  2797 | D:2      | Gained mutation: You have an unusually large brain. (Int
                  | +2) [demonic ancestry]
  2797 | D:2      | Reached XP level 4. HP: 25/35 MP: 3/6
  2844 | D:2      | Slain by a worm

Illustrated notes

Levels and vault maps discovered:
D:1:      onia_arrival_mini_spirals, layout_loops_ring, amethyst_killhole,
          minmay_lizard_pond
D:2:      layout_loops_cross, hellmonk_ecumenical_altar_leap_of_faith,
          serial_shops, shop, uniq_jessica

Skill      XL: |  1  2  3 |
---------------+----------+-----
Fighting       | 2 3 |  3.0
Ice Magic      | 2 |  2.0
Short Blades   | 1 |  1.0
Throwing       | 2 |  2.0
Spellcasting   | |  1.8
Evocations     | |  4.0

Action                   |  1- 3 |  4- 6 || total
-------------------------+-------+-------++-------
Melee: Dagger            |   134 |     2 ||   136
Throw: Dart              |     2 |     6 ||     8
       Stone             |       |     2 ||     2
 Cast: Freeze            |    37 |     2 ||    39
Evoke: Lightning rod     |     5 |       ||     5
  Use: Potion            |     2 |       ||     2
       Scroll            |     1 |       ||     1
 Stab: Sleeping          |     1 |       ||     1
Armor: Robe              |    23 |     1 ||    24
Dodge: Dodged            |   101 |     2 ||   103

Table legend: (Time is in decaauts)
 A = Elapsed time spent in this place.
 B = Non-inter-level travel time spent in this place.
 C = Inter-level travel time spent in this place.
 D = Time resting spent in this place.
 E = Time spent auto-exploring this place.
 F = Levels seen in this place.
 G = Mean time per level.
                   A        B        C        D        E       F      G
               +--------+--------+--------+--------+--------+-----+--------+
         Total |   2865 |   2823 |     42 |      0 |   2426 |   2 | 1432.5 |
       Dungeon |   2865 |   2823 |     42 |      0 |   2426 |   2 | 1432.5 |
               +--------+--------+--------+--------+--------+-----+--------+

Top non-repeatable levels by time:
     D:1: 2409 daAuts
     D:2: 455 daAuts
